 Dungeon Crawl Stone Soup version 0.22.1-1-ga44c0e5 (webtiles) character file.

14709 Zephyr the Brawler (level 11, -3/93 HPs)
             Began as a Troll Chaos Knight on Oct 31, 2018.
             Killed themself with a badly aimed iceblast (18 damage)
             ... on level 11 of the Dungeon.
             The game lasted 01:01:01 (8692 turns).

Zephyr the Brawler (Troll Chaos Knight)             Turns: 8692, Time: 01:01:02

Health: -3/93      AC:  9    Str: 24    XL:     11   Next: 92%
Magic:  11/11      EV: 13    Int:  8    God:    Xom [.*....]
Gold:   287        SH:  0    Dex: 12    Spells: 10/10 levels left

rFire    . . .     SeeInvis .     - Unarmed
rCold    . . .     Gourm    +   (no shield)
rNeg     . . .     Faith    .   K - +0 troll leather armour
rPois    +         Spirit   .   (helmet restricted)
rElec    .         Reflect  .   L - +1 cloak {rPois}
rCorr    .         Harm     .   (gloves unavailable)
MR       .....     Clarity  +   (boots unavailable)
Stlth    +.........             (no amulet)
HPRegen  1.05/turn              r - ring of poison resistance
MPRegen  0.12/turn              (no ring)

@: no status effects
A: large, unfitting armour, claws 3, agile 1, blink, blurry vision 1, clarity,
fast metabolism 3, frail 1, gourmand, regeneration 1, shaggy fur 1, tough skin 2
a: Blink, Renounce Religion


You were on level 11 of the Dungeon.
You worshipped Xom.
You were a plaything of Xom.
You were full.

You visited 2 branches of the dungeon, and saw 12 of its levels.

You collected 797 gold pieces.
You spent 510 gold pieces at shops.

Inventory:

Missiles
 m - 13 tomahawks (quivered)
 y - 9 javelins
 E - 4 large rocks
Armour
 K - a +0 troll leather armour (worn)
 L - a +1 cloak of poison resistance (worn)
Jewellery
 r - a ring of poison resistance (left claw)
Wands
 a - a wand of digging (17)
 n - a wand of random effects (22)
 o - a wand of polymorph (46)
 z - a wand of disintegration (10)
 A - a wand of flame (25)
 D - a wand of enslavement (18)
 F - a wand of iceblast (3)
 G - a wand of acid (6)
Scrolls
 c - 7 scrolls of remove curse
 f - 3 scrolls of enchant weapon
 h - a scroll of noise
 i - 3 scrolls of magic mapping
 k - 3 scrolls of teleportation
 s - a scroll of fog {unknown}
 t - 3 scrolls of enchant armour {unknown}
 u - 3 scrolls of amnesia {unknown}
 w - a scroll of blinking
 B - 2 scrolls of immolation {unknown}
Potions
 d - 2 potions of heal wounds
 e - a potion of haste
 l - a potion of brilliance
 p - 2 potions of ambrosia
 q - 3 potions of flight
 v - 3 potions of berserk rage
 x - a potion of degeneration
 C - 4 potions of invisibility
 H - a potion of agility
 I - a potion of resistance
 J - a potion of lignification
Comestibles
 b - 24 rations
 g - 4 chunks of flesh


   Skills:
 + Level 5.4 Fighting
 + Level 3.4 Throwing
 + Level 2.7 Armour
 + Level 7.0 Dodging
 + Level 15.1 Unarmed Combat
 + Level 1.9 Evocations


You had 10 spell levels left.
You didn't know any spells.
Your spell library contained the following spells:

 Spells                   Type           Power        Failure   Level  Hunger
 Corona                   Hex            #......      45%         1    ##.....
 Ensorcelled Hibernation  Hex/Ice        #.....       58%         2    ###....
 Slow                     Hex            #.......     58%         2    ###....
 Confuse                  Hex            #.......     83%         3    ####...
 Dazzling Spray           Conj/Hex       #.....       83%         3    ####...
 Inner Flame              Hex/Fire       #.......     83%         3    ####...
 Portal Projectile        Hex/Tloc       #.....       83%         3    ####...
 Tukima's Dance           Hex            #.......     83%         3    ####...
 Cause Fear               Hex            #.........   99%         4    #####..
 Leda's Liquefaction      Hex/Erth       #.........   99%         4    #####..
 Summon Ice Beast         Ice/Summ       #.......     99%         4    #####..
 Freezing Cloud           Conj/Ice/Air   #.........   100%        6    #######
 Discord                  Hex            #.........   100%        8    #######


Dungeon Overview and Level Annotations

Branches:
Dungeon (11/15)            Temple (0/1) D:5            Lair (1/6) D:9
    Orc (0/2) D:11

Altars:
Cheibriados
Elyvilon
Fedhas
Gozag
Hepliaklqana
Nemelex Xobeh
Qazlal
Ru
Trog
Wu Jian
Xom
Beogh

Shops:
D:5 *   D:9 *   D:10 =

Annotations:
D:11 4 runed doors


Innate Abilities, Weirdness & Mutations

You are too large for most types of armour.
You have claws for hands.
Your metabolism is lightning-fast.
You like to eat raw meat.
Your natural rate of healing is unusually fast.
You are covered in fur. (AC +1)
You have very tough skin. (AC +2)
You are agile. (Dex +2)
You can translocate small distances at will.
Scrolls take you a little longer to read.
You possess an exceptional clarity of mind.
You are frail. (-10% HP)


Message History

The killer bee closely misses you.
The killer bee stings you but does no damage. x2
The killer bee stings you.
* * * LOW HITPOINT WARNING * * *
The killer bee misses you.
Evoke which item? (* to show all) (? for menu, Esc to quit)
Aiming: Iceblast
Press: ? - help, Shift-Dir - straight line, f/p - killer bee
Aim: a killer bee (almost dead) That beam is likely to hit you.
Continue anyway?
The mass of ice explodes!
The iceblast engulfs the killer bee.
You kill the killer bee!
The iceblast engulfs the killer bee.
You kill the killer bee!
The iceblast engulfs the killer bee.
You kill the killer bee!
The iceblast engulfs you!
Xom thinks this is hilarious!
You die...
Xom guffaws!

..#########......##...#######'#..
..# #......##...........#..
..#...... #.......#...........'..
..#...... #.......#...........#..
..#...... #.......#...........#..
..##..... #.......#...........#..
####..... #.......#........>..#..
....... #......####'#########..
.......#######@##....####.#####
.............†††#..........#
..............y.#..<.......#
................#..........#
................#..........#
############################


You could see a killer bee.

Vanquished Creatures
  Harold (D:8)
  A two-headed ogre (D:11)
  Pikel (D:6)
  2 cyclopes (D:11)
  Maurice (D:11)
  Joseph (Lair:1)
  A spiny frog (Lair:1)
  2 rime drakes (Lair:1)
  3 trolls
  A hippogriff (D:9)
  A hornet (D:11)
  Prince Ribbit (D:6)
  21 yaks
  2 wyverns
  A wraith (D:11)
  Grum (D:11)
  A steam dragon (D:8)
  Menkaure (D:7)
  A slave (D:6)
  6 orc warriors
  4 sky beasts
  A black bear (D:7)
  A phantom (D:10)
  9 wolves
  A crocodile (Lair:1)
  An ogre (D:5)
  3 centaurs
  8 bullfrogs
  6 scorpions
  A wyvern skeleton (D:7)
  4 wights (D:9)
  12 killer bees
  2 bullfrog zombies
  8 howler monkeys
  A crimson imp (D:5)
  A quasit (D:7)
  2 orc priests
  5 hounds
  3 jellies
  A centaur skeleton (D:4)
  A gnoll shaman (D:9)
  8 orc wizards
  6 iguanas
  13 worker ants
  A killer bee zombie (D:10)
  4 hound zombies
  A mummy (D:4)
  A howler monkey zombie (D:6)
  2 worker ant zombies
  9 gnolls
  15 adders
  4 river rats (D:5)
  3 oozes
  2 adder skeletons
  A worm (D:4)
  3 dart slugs
  6 leopard geckos
  41 orcs
  6 bats
  9 giant cockroaches
  2 goblins (D:1)
  7 hobgoblins
  9 jackals
  10 quokkas
  5 frilled lizards
  3 kobolds
  2 kobold zombies (D:4)
  2 orc zombies (D:4)
  A quokka skeleton (D:4)
  3 quokka zombies
  29 rats
  4 plants (Lair:1)
337 creatures vanquished.

Vanquished Creatures (collateral kills)
  A phantom (D:9)
  A bullfrog (D:6)
  An orc (D:11)
3 creatures vanquished.

Vanquished Creatures (others)
  An orc priest (D:4)
  2 orcs
  A fungus (Lair:1)
  A plant (Lair:1)
5 creatures vanquished.

Grand Total: 345 creatures vanquished

Notes
Turn   | Place    | Note
-------+----------+-------------------------------------------
     0 | D:1      | Zephyr the Troll Chaos Knight began the quest for the Orb.
     0 | D:1      | Reached XP level 1. HP: 22/22 MP: 0/0
    73 | D:1      | XOM: harmless Ice miscast
   113 | D:1      | Reached XP level 2. HP: 29/29 MP: 1/1
   281 | D:1      | XOM is BORED!
   281 | D:1      | XOM: mild Pois miscast
   327 | D:1      | XOM is BORED!
   327 | D:1      | XOM: medium Erth miscast
   427 | D:1      | Reached XP level 3. HP: 36/36 MP: 2/2
   766 | D:2      | Reached skill level 4 in Unarmed Combat
   766 | D:2      | Reached XP level 4. HP: 45/45 MP: 3/3
  1236 | D:3      | XOM: medium Fire miscast
  1389 | D:3      | Found a snail-covered altar of Cheibriados.
  1433 | D:3      | Identified Xom's Compendium of the Unstoppable Princes (Xom
                  | gifted it to you on level 3 of the Dungeon)
  1433 | D:3      | XOM: god gift: Xom's Compendium of the Unstoppable Princes
  1467 | D:3      | Found a stormy altar of Qazlal.
  1557 | D:3      | Reached XP level 5. HP: 24/53 MP: 4/4
  1877 | D:4      | XOM: harmless Necr miscast
  1901 | D:4      | Reached skill level 5 in Unarmed Combat
  1905 | D:4      | XOM: enchant monster (good)
  1909 | D:4      | XOM: confuse monster(s)
  1912 | D:4      | XOM: give mutation
  1912 | D:4      | Gained mutation: You are agile. (Dex +2) [Xom's grace]
  2058 | D:4      | XOM is BORED!
  2058 | D:4      | XOM: mild Erth miscast
  2064 | D:4      | XOM: divination: detect creatures
  2065 | D:4      | Reached XP level 6. HP: 61/61 MP: 5/5
  2070 | D:4      | XOM: destruction
  2077 | D:4      | Reached skill level 1 in Throwing
  2251 | D:4      | Found a sparkling altar of Nemelex Xobeh.
  2388 | D:4      | Reached skill level 6 in Unarmed Combat
  2525 | D:5      | Entered Level 5 of the Dungeon
  2548 | D:5      | Reached XP level 7. HP: 45/67 MP: 6/6
  2556 | D:5      | Found Futiff's General Store.
  2566 | D:5      | Bought a scroll of remove curse for 36 gold pieces
  2627 | D:5      | XOM: smoke on damage
  2728 | D:5      | Found a staircase to the Ecumenical Temple.
  2862 | D:5      | Found a shimmering altar of Xom.
  2870 | D:5      | Reached skill level 7 in Unarmed Combat
  2930 | D:5      | XOM: god gift: ration
  2959 | D:5      | XOM: cloud trail
  3206 | D:5      | XOM: confuse monster(s)
  3323 | D:5      | XOM: cast spell 'Shadow Creatures'
  3556 | D:6      | Reached XP level 8. HP: 68/75 MP: 7/7
  3574 | D:6      | XOM: scenery: create altars
  3589 | D:6      | Noticed Prince Ribbit
  3597 | D:6      | XOM: fog
  3598 | D:6      | XOM: summons 4 friendly demons
  3604 | D:6      | Reached skill level 8 in Unarmed Combat
  3611 | D:6      | XOM: divination: detect items
  3615 | D:6      | Killed Prince Ribbit
  3710 | D:6      | Noticed Pikel
  3718 | D:6      | XOM: summons friendly crimson imp
  3720 | D:6      | Killed Pikel
  3720 | D:6      | Reached skill level 9 in Unarmed Combat
  3941 | D:6      | XOM: cloud trail
  4084 | D:7      | XOM: potion effect (might)
  4093 | D:7      | Reached XP level 9. HP: 83/84 MP: 8/8
  4200 | D:7      | Reached skill level 10 in Unarmed Combat
  4490 | D:7      | Found a hazy altar of Hepliaklqana.
  4492 | D:7      | Found a bloodstained altar of Trog.
  4494 | D:7      | XOM: summons 4 friendly demons
  4522 | D:7      | Found a sacrificial altar of Ru.
  4557 | D:7      | XOM: give mutations
  4557 | D:7      | Gained mutation: You possess an exceptional clarity of
                  | mind. [Xom's grace]
  4557 | D:7      | Gained mutation: You can translocate small distances at
                  | will. [Xom's grace]
  4559 | D:7      | XOM: enchant monster (bad)
  4595 | D:7      | Noticed Menkaure
  4604 | D:7      | Reached skill level 1 in Evocations
  4617 | D:7      | XOM: scenery: create altars
  4619 | D:7      | XOM: scenery: create altars
  4624 | D:7      | Killed Menkaure
  4969 | D:8      | Reached skill level 5 in Dodging
  4969 | D:8      | Reached skill level 11 in Unarmed Combat
  4979 | D:8      | Noticed Harold
  4994 | D:8      | Killed Harold
  4994 | D:8      | Reached XP level 10. HP: 70/93 MP: 9/9
  5003 | D:8      | XOM: polymorph centaur -> steam dragon
  5174 | D:8      | XOM: scenery: 1 doors open
  5196 | D:8      | XOM: harmless Necr miscast
  5324 | D:8      | Found a white marble altar of Elyvilon.
  5345 | D:8      | XOM: harmless Ice miscast
  5683 | D:9      | XOM: divination: magic mapping
  5688 | D:9      | XOM: enchant monster (good)
  5714 | D:9      | XOM: cast spell 'Summon Horrible Things'
  5717 | D:9      | Reached skill level 12 in Unarmed Combat
  5727 | D:9      | Found a staircase to the Lair.
  5754 | D:9      | Found an ornate altar of the Wu Jian Council.
  5886 | D:9      | XOM: divination: magic mapping
  5889 | D:9      | XOM: fog
  6123 | D:9      | Found Niaffaim's General Store.
  6129 | D:9      | Bought a wand of polymorph (21) for 345 gold pieces
  6129 | D:9      | Bought a potion of curing for 45 gold pieces
  6129 | D:9      | Bought 7 javelins for 84 gold pieces
  6269 | D:9      | XOM: god gift: cyan potion {god gift}
  6294 | D:9      | XOM: scenery: 1 doors open
  6348 | D:9      | Found an opulent altar of Gozag.
  6361 | D:9      | XOM: medium Erth miscast
  6426 | D:9      | Found a blossoming altar of Fedhas.
  6504 | Lair:1   | Entered Level 1 of the Lair of Beasts
  6528 | Lair:1   | Reached skill level 13 in Unarmed Combat
  6555 | Lair:1   | Noticed a spiny frog
  6562 | Lair:1   | Killed a spiny frog
  6766 | Lair:1   | Noticed Joseph
  6781 | Lair:1   | XOM: blink monster(s)
  6815 | Lair:1   | Killed Joseph
  6815 | Lair:1   | Reached XP level 11. HP: 39/101 MP: 11/11
  6906 | Lair:1   | Noticed a four-headed hydra
  6914 | Lair:1   | XOM: give mutations
  6914 | Lair:1   | Gained mutation: Scrolls take you a little longer to read.
                  | [Xom's mischief]
  6914 | Lair:1   | Gained mutation: You are frail. (-10% HP) [Xom's mischief]
  6916 | Lair:1   | Reached skill level 5 in Fighting
  6950 | Lair:1   | Noticed an eight-headed hydra
  6963 | Lair:1   | XOM: 2-stop teleportation journey
  7089 | D:10     | Entered Level 10 of the Dungeon
  7285 | D:10     | Found Dealucep's Jewellery Emporium.
  7302 | D:10     | XOM: summons friendly ufetubus
  7322 | D:10     | Reached skill level 14 in Unarmed Combat
  7519 | D:10     | XOM: smoke on damage
  7562 | D:10     | XOM: harmless Conj miscast
  7800 | D:11     | Reached skill level 1 in Armour
  7842 | D:11     | Found a huge runed gate.
  7842 | D:11     | Found a huge runed gate.
  7842 | D:11     | Found a huge runed gate.
  7842 | D:11     | Found a huge runed gate.
  7895 | D:11     | Noticed a two-headed ogre
  7898 | D:11     | XOM: harmless Pois miscast
  7949 | D:11     | XOM: harmless Erth miscast
  7979 | D:11     | XOM: mild Tmut miscast
  7985 | D:11     | XOM: confuse monster(s)
  7986 | D:11     | XOM: noise
  7989 | D:11     | Killed a two-headed ogre
  8117 | D:11     | XOM: summons friendly crimson imp
  8154 | D:11     | XOM: cast spell 'Cause Fear'
  8191 | D:11     | Found a staircase to the Orcish Mines.
  8195 | D:11     | Found a roughly hewn altar of Beogh.
  8202 | D:11     | XOM: cast spell 'Summon Butterflies'
  8252 | D:11     | XOM: summons 10 friendly demons
  8268 | D:11     | Noticed Maurice
  8272 | D:11     | XOM: enchant monster (good)
  8304 | D:11     | XOM: summons 3 friendly demons
  8307 | D:11     | Killed Maurice
  8308 | D:11     | Noticed Grum
  8314 | D:11     | Reached skill level 15 in Unarmed Combat
  8318 | D:11     | Killed Grum
  8399 | D:11     | Found a bloodstained altar of Trog.
  8403 | D:11     | XOM: enchant monster (bad)
  8405 | D:11     | XOM: butterfly on damage
  8692 | D:11     | Killed themself with a badly aimed iceblast

Skill      XL: |  1  2  3  4  5  6  7  8  9 10 11 |
---------------+----------------------------------+-----
Dodging        | 2 3 4 5 6 7 |  7.0
Fighting       | 3 4 5 |  5.4
Unarmed Combat | 4 5 6 7 9 11 13 15 | 15.1
Throwing       | 1 3 |  3.4
Evocations     | 1 |  1.9
Armour         | 2 |  2.7

Action                   |  1- 3 |  4- 6 |  7- 9 | 10-12 || total
-------------------------+-------+-------+-------+-------++-------
Melee: Unarmed           |    59 |   120 |   258 |   436 ||   873
       Punch             |     1 |     2 |    10 |    33 ||    46
Throw: Javelin           |       |    24 |       |       ||    24
       Tomahawk          |       |     9 |     5 |       ||    14
       Throwing net      |       |       |       |     2 ||     2
Evoke: Wand              |       |       |     7 |    13 ||    20
  Use: Potion            |       |       |     2 |     8 ||    10
       Scroll            |       |       |       |    17 ||    17
 Stab: Petrified         |       |     2 |       |       ||     2
       Confused          |       |       |     2 |     1 ||     3
       Distracted        |       |       |     2 |       ||     2
       Paralysed         |       |       |     3 |       ||     3
       Sleeping          |       |       |       |     1 ||     1
       Held in net/web   |       |       |       |     1 ||     1
  Eat: Chunk             |    12 |    16 |    23 |    31 ||    82
Armor: Robe              |    22 |    45 |    61 |    58 ||   186
       Skin              |       |       |     1 |     5 ||     6
       Troll leather arm |       |       |       |    39 ||    39
Dodge: Dodged            |    21 |    38 |   134 |   227 ||   420
